Map: Backwater LE

Players

Tiberius

  • Race: Protoss Protoss
  • League: Platinum
  • Spawn Location: 5:00

Emperator - Winner!

  • Race: Protoss Protoss
  • League: Platinum
  • Spawn Location: 11:00

VOD

Have the link to the VOD?

Description

Time

  • Played on: March 12, 2018, 4:07 p.m.
  • Length: 15:07
Show
View Real Time Build Order
Export as new Build Order

Tiberius Protoss 

Build Orders: Zealot Archon 

Get SALT Encoding   

  12  0:01  Probe  
  13  0:13  Probe  
  14  0:18  Pylon  
  14  0:25  Probe  
  15  0:36  Gateway  
  15  0:37  Probe (Chrono Boost)  
  16  0:47  Probe (Chrono Boost)  
  16  0:49  Assimilator  
  17  0:52  Probe (Chrono Boost)  
  18  0:59  Assimilator  
  18  1:13  Gateway  
  18  1:14  Probe  
  19  1:26  Probe  
  20  1:35  Cybernetics Core  
  20  1:38  Probe  
  21  1:46  Pylon  
  21  1:51  Probe  
  22  2:04  Probe  
  23  2:11  Stalker (Chrono Boost), Warp Gate  
  23  2:14  Stalker (Chrono Boost)  
  28  2:24  Probe  
  28  2:36  Stalker  
  30  2:44  Pylon  
  30  2:54  Twilight Council  
  31  3:04  Stalker (Chrono Boost)  
  30  3:26  Stalker (Chrono Boost)  
  30  3:29  Nexus  
  28  3:57  Charge (Chrono Boost)  
  28  3:59  Probe  
  27  4:15  Pylon  
  27  4:21  Robotics Facility  
  27  4:27  Templar Archives, Probe  
  28  4:39  Probe  
  28  4:44  Probe (Chrono Boost)  
  30  4:51  Gateway  
  30  4:52  Gateway  
  31  4:56  Probe (Chrono Boost)  
  31  4:57  Probe (Chrono Boost)  
  32  5:02  Probe (Chrono Boost)  
  32  5:04  Probe (Chrono Boost)  
  34  5:08  Assimilator  
  34  5:10  Probe  
  34  5:12  Assimilator  
  35  5:15  Probe  
  35  5:17  Immortal (Chrono Boost)  
  40  5:22  Probe  
  40  5:27  Probe  
  42  5:33  Stalker  
  42  5:34  Probe  
  45  5:42  Probe  
  46  5:46  Probe  
  41  6:00  Zealot  
  41  6:01  Zealot x3  
  46  6:21  Pylon, Probe  
  46  6:22  Probe  
  48  6:29  Immortal (Chrono Boost)  
  52  6:33  Probe  
  52  6:34  Probe  
  54  6:46  Probe (Chrono Boost)  
  55  6:47  High Templar x2  
  55  6:50  Probe (Chrono Boost)  
  60  6:55  Pylon  
  60  6:59  Probe (Chrono Boost)  
  60  7:01  Probe (Chrono Boost), Archon  
  62  7:08  Pylon  
  62  7:11  Probe  
  62  7:12  Probe  
  62  7:13  Warp Prism  
  66  7:24  Probe x2  
  68  7:30  Gateway  
  68  7:32  Gateway  
  68  7:37  Gateway  
  68  7:38  Gateway  
  68  7:48  High Templar x2  
  68  7:49  High Templar x2  
  76  7:54  Pylon  
  75  8:00  Archon x2  
  75  8:08  Probe x2  
  77  8:13  Pylon  
  77  8:15  Pylon  
  77  8:25  High Templar  
  77  8:26  High Templar  
  81  8:28  High Templar x2  
  81  8:30  Archon  
  81  8:32  Archon  
  85  8:42  Pylon  
  85  8:44  Pylon  
  85  8:54  Zealot x3  
  85  8:55  Nexus  
  91  9:00  Pylon, Zealot x3  
  91  9:01  Zealot  
  99  9:26  High Templar x2  
  99  9:27  High Templar x2  
  99  9:28  Zealot x2  
  99  9:29  Zealot  
  113  9:33  Archon  
  113  9:34  Archon  
  113  9:44  Assimilator  
  113  9:49  Pylon  
  113  9:59  Zealot x2  
  117  10:00  Zealot x4  
  125  10:08  Zealot x2  
  103  10:27  Zealot x5  
  103  10:28  Zealot x3  
  119  10:37  Probe x3  
  119  10:39  Pylon  
  119  10:41  Pylon  
  122  10:49  Zealot x3  
  108  10:50  Zealot x2  
  108  10:55  High Templar x3  
  98  10:59  Archon  
  68  11:15  Probe x3  
  67  11:18  High Templar  
  67  11:19  High Templar x4  
  67  11:24  Archon  
  67  11:25  Archon  
  77  11:29  Probe x3 (Chrono Boost)  
  80  11:38  Probe x3 (Chrono Boost)  
  80  11:39  Immortal (Chrono Boost)  
  83  11:43  Probe (Chrono Boost)  
  88  11:47  High Templar  
  88  11:51  Archon  
  90  12:03  Probe (Chrono Boost)  
  90  12:07  Probe (Chrono Boost)  
  90  12:08  Assimilator, Probe (Chrono Boost)  
  93  12:09  Immortal (Chrono Boost)  
  93  12:14  High Templar x2, Probe (Chrono Boost)  
  102  12:16  Zealot x5  
  102  12:17  Probe x2 (Chrono Boost)  
  102  12:18  Archon  
  102  12:19  Probe (Chrono Boost)  
  115  12:29  Gateway  
  115  12:31  Gateway  
  115  12:40  Probe x3, Warp Prism  
  120  12:55  High Templar x3  
  120  12:56  High Templar  
  128  12:58  Zealot x2  
  128  12:59  Zealot x2  
  128  13:02  Archon x2  
  127  13:30  Zealot x4  
  127  13:31  Zealot x3  
  110  13:47  Zealot  
  70  13:58  Zealot x3  
  70  13:59  Zealot x4  
  46  14:40  Nexus  
  46  14:51  Zealot  
  48  14:57  Nexus  
Show
View Real Time Build Order
Export as new Build Order

Emperator Protoss - Winner!

Build Orders:  

Get SALT Encoding   

  12  0:01  Probe  
  13  0:13  Probe  
  14  0:18  Pylon  
  14  0:25  Probe  
  15  0:38  Gateway, Probe (Chrono Boost)  
  16  0:49  Probe (Chrono Boost)  
  17  0:53  Assimilator, Probe (Chrono Boost)  
  18  1:05  Probe  
  18  1:10  Gateway  
  19  1:17  Probe  
  20  1:28  Cybernetics Core  
  20  1:29  Probe  
  21  1:34  Pylon  
  21  1:41  Probe  
  22  1:48  Assimilator  
  22  1:50  Pylon  
  22  2:02  Stalker (Chrono Boost)  
  22  2:03  Stalker (Chrono Boost)  
  26  2:14  Warp Gate  
  26  2:15  Probe  
  27  2:27  Probe  
  28  2:31  Stalker  
  28  2:33  Stalker  
  32  2:39  Probe  
  33  2:49  Pylon  
  33  2:53  Pylon  
  31  3:16  Robotics Facility  
  31  3:17  Stalker  
  33  3:23  Probe  
  34  3:33  Sentry  
  36  3:36  Probe  
  35  3:53  Probe  
  36  4:06  Probe  
  35  4:18  Probe  
  35  4:23  Immortal (Chrono Boost)  
  34  4:26  Stalker x2  
  34  4:30  Nexus  
  43  4:38  Probe  
  43  4:50  Probe  
  43  4:51  Pylon  
  44  4:52  Stalker  
  44  4:57  Observer  
  47  5:09  Pylon, Probe  
  48  5:16  Shield Battery  
  48  5:21  Probe  
  49  5:23  Immortal  
  53  5:33  Probe  
  53  5:34  Sentry  
  53  5:35  Sentry  
  58  5:41  Probe  
  59  5:45  Probe  
  60  5:53  Probe  
  61  6:00  Stalker x2  
  61  6:21  Probe x2  
  63  6:27  Gateway  
  63  6:28  Gateway  
  63  6:32  Gateway  
  63  6:35  Gateway  
  63  6:44  Pylon  
  63  6:46  Stalker x2  
  67  6:50  Assimilator  
  67  6:52  Probe x2  
  69  6:55  Assimilator  
  69  6:58  Pylon  
  69  7:04  Immortal, Pylon  
  73  7:12  Stalker x2  
  77  7:27  Stalker x2  
  77  7:28  Stalker  
  83  7:31  Stalker  
  83  7:34  Probe x2  
  87  7:43  Nexus  
  87  7:51  Pylon  
  87  7:55  Pylon  
  87  8:03  Twilight Council  
  87  8:05  Forge  
  87  8:09  Forge, Probe x2  
  89  8:13  Stalker  
  89  8:17  Stalker  
  93  8:23  Probe x2  
  95  8:34  Immortal  
  95  8:35  Probe x2  
  95  8:41  Shield Battery  
  101  8:45  Photon Cannon  
  101  8:47  Probe x2  
  103  8:57  Pylon  
  103  8:58  Protoss Ground Weapons Level 1 (Chrono Boost)  
  103  8:59  Templar Archives  
  103  9:01  Protoss Ground Armor Level 1 (Chrono Boost)  
  103  9:02  Pylon  
  103  9:12  Probe x2  
  103  9:13  Probe  
  106  9:22  Photon Cannon  
  106  9:26  Assimilator  
  106  9:27  Charge  
  106  9:28  Assimilator  
  106  9:29  Immortal  
  110  9:42  High Templar  
  110  9:43  High Templar x3  
  110  9:45  High Templar  
  120  9:47  Archon  
  120  9:48  Archon  
  120  10:03  High Templar  
  122  10:14  Gateway  
  122  10:16  Gateway  
  122  10:19  Archon  
  114  10:23  Stalker x3  
  120  10:30  Warp Prism  
  122  10:36  Gateway x2  
  122  10:39  Gateway  
  115  10:51  Stalker x2  
  115  10:52  Stalker x3  
  101  11:16  High Templar x2  
  101  11:17  High Templar  
  107  11:25  Zealot x2  
  111  11:27  Probe  
  111  11:28  Probe  
  113  11:34  Probe  
  113  11:37  High Templar  
  113  11:39  Probe, Archon  
  117  11:40  Probe  
  117  11:42  Zealot x3  
  124  11:56  Protoss Ground Armor Level 2 (Chrono Boost), Protoss Ground Weapons Level 2 (Chrono Boost)  
  124  11:58  Gateway  
  124  11:59  Gateway  
  124  12:01  Gateway  
  124  12:06  Archon  
  124  12:08  Gateway, Zealot x4  
  126  12:09  Zealot x2  
  126  12:11  Gateway x2, Probe x3  
  139  12:17  Gateway  
  139  12:18  Gateway  
  139  12:19  Zealot x2  
  143  12:30  Nexus, Pylon  
  143  12:33  Dark Shrine  
  143  12:40  Pylon  
  143  12:41  Pylon  
  143  12:43  Pylon  
  143  12:54  Zealot x6  
  143  12:55  Zealot  
  157  13:01  Probe x3  
  160  13:06  Pylon  
  160  13:08  Pylon  
  160  13:12  Zealot x3  
  120  14:00  Zealot x4  
  120  14:01  Zealot x4  
  120  14:02  Zealot x4  
  144  14:03  Zealot  
  140  14:21  Zealot  
  140  14:22  Zealot x4  
  140  14:23  Zealot x6  
  140  14:24  Zealot x4  
  128  14:44  High Templar x4  
  128  14:45  High Templar x5  
  144  14:46  High Templar x6  
  144  14:47  High Templar  
  160  14:57  Archon x4  
  160  14:58  Archon x3  
  160  14:59  Archon  
Tags
 
Composition
Zealot Archon
Matchup
PvP
Spawn Locations
Cross Positions
Add a new tag
Caveats
  • Supply blocks, unpowered buildings, or Contaminate may cause inaccurate times.
  • Supply counts are checked every 10 seconds.